 Dungeon Crawl Stone Soup version 0.13.1-2-gfb2c2b7 (webtiles) character file.

70 Antunes the Skirmisher (level 1, -2/14 HPs)
             Began as a Human Wanderer on Dec 5, 2013.
             Slain by a hobgoblin
             ... wielding a +0,+0 club
              (4 damage)
             ... on Level 1 of the Dungeon.
             The game lasted 00:01:47 (115 turns).

Antunes the Skirmisher (Human Wanderer)              Turns: 115, Time: 00:01:47

HP  -2/14        AC  2     Str 12      XL: 1   Next: 11%
MP   1/1         EV 11     Int 11      God:
Gold 70          SH  0     Dex 13      Spells:  0 memorised,  0 levels left

Res.Fire  : . . .   See Invis. : .   a - +1,+3 short sword
Res.Cold  : . . .   Warding    : .   b - +0 robe
Life Prot.: . . .   Conserve   : .   (no shield)
Res.Poison: .       Res.Corr.  : .   (no helmet)
Res.Elec. : .       Clarity    : .   (no cloak)
Sust.Abil.: . .     Spirit.Shd : .   (no gloves)
Res.Mut.  : .       Stasis     : .   (no boots)
Res.Rott. : .       Flight     : .   (no amulet)
Saprovore : . . .                    (no ring)
                                     (no ring)

@: about to teleport, not resistant to hostile enchantments, unstealthy
A: no striking features
a: no special abilities


You were on level 1 of the Dungeon.
You were not hungry.

You visited 1 branch of the dungeon, and saw 1 of its levels.

You collected 20 gold pieces.

Inventory:

Hand weapons
 a - a +1,+3 short sword (weapon)
 h - a +0,+0 whip
Missiles
 e - 31 bolts
 i - 17 stones (quivered)
Armour
 b - a +0 robe (worn)
Comestibles
 c - 2 bread rations
Scrolls
 d - a scroll of random uselessness {unknown}
Jewellery
 g - an uncursed ring of wizardry {unknown}


   Skills:
 + Level 4.0 Fighting
 * Level 2.0 Short Blades
 + Level 1.0 Maces & Flails
 * Level 1.0 Throwing
 + Level 1.0 Armour
   Level 1.0 Evocations


You couldn't memorise any spells.
You didn't know any spells.

Dungeon Overview and Level Annotations

Branches:
Dungeon (1/27)

Altars:


Message History

The hobgoblin moves out of view.
A rat comes into view.
You closely miss the hobgoblin.
The hobgoblin hits you but does no damage.
You barely miss the hobgoblin.
The hobgoblin hits you but does no damage.
You barely miss the hobgoblin. The hobgoblin barely misses you.
You hit the hobgoblin.
The hobgoblin is lightly wounded.
The hobgoblin hits you with a club.
You hit the hobgoblin but do no damage.
The hobgoblin is lightly wounded.
The hobgoblin hits you with a club.
* * * LOW HITPOINT WARNING * * *
You barely miss the hobgoblin.
The hobgoblin is lightly wounded.
The hobgoblin hits you with a club.
* * * LOW HITPOINT WARNING * * *
The rat barely misses you.
You hit the rat.
You kill the rat!
The hobgoblin closely misses you.
A bat comes into view.
You miss the bat. The bat hits you but does no damage. The bat misses you.
The bat hits you but does no damage. The bat hits you but does no damage.
The bat closely misses you. The bat hits you but does no damage.
You miss the bat. The bat hits you but does no damage.
The hobgoblin barely misses you. The bat hits you but does no damage.
You miss the bat. The bat hits you.
* * * LOW HITPOINT WARNING * * *
The bat misses you. The hobgoblin barely misses you.
The bat hits you but does no damage.
You aren't carrying any potions.
Read which item? (? for menu, Esc to quit)
As you read the scroll of teleportation, it crumbles to dust.
You feel strangely unstable. The bat hits you but does no damage.
The bat barely misses you. The hobgoblin hits you with a club.
You die...

... . #.# ..##. #.#
..##. #.# . ..##.
#.######.###
..##.##.##.....#.#
..##...........#..
...............#.#
.####......###.#b#
...............#@#
######.........#g#
#.........#.#
#####.....#.#
#.....#.# #.....#.#
#### #.....#.# ...
#####g#.##.#
#######.#....######


You could see a hobgoblin and a bat.

Vanquished Creatures
  A rat (D:1)
1 creature vanquished.

Notes
Turn   | Place    | Note
--------------------------------------------------------------
     0 | D:1      | Antunes, the Human Wanderer, began the quest for the Orb.
     0 | D:1      | Reached XP level 1. HP: 14/14 MP: 1/1
   115 | D:1      | Slain by a hobgoblin

Action                   || total
-------------------------++-------
Melee: Short sword       ||    10
  Use: Scroll            ||     1

Table legend:
 A = Turns spent in this place as a percentage of turns spent in the entire game.
 B = Non-inter-level travel turns spent in this place as a percentage of non-inter-level travel turns spent in the entire game.
 C = Inter-level travel turns spent in this place as a percentage of turns spent in this place.
 D = Turns resting spent in this place as a percentage of non-inter-level travel turns spent in this place.
 E = Turns spent auto-exploring this place as a percentage of non-inter-level travel turns spent in this place.
 F = Non-inter-level travel turns spent in this place divided by the number of levels of this place that you've seen.
                   A       B       C       D       E      F
               +-------+-------+-------+-------+-------+----------------------
         Total | 100.0 | 100.0 |   0.0 |   0.0 |   1.9 | 103.0
       Dungeon | 100.0 | 100.0 |   0.0 |   0.0 |   1.9 | 103.0
               +-------+-------+-------+-------+-------+----------------------

Table legend:
 A = Kills in this place as a percentage of kills in entire the game.
 B = Kills by you in this place as a percentage of kills by you in the entire game.
 C = Kills by friends in this place as a percentage of kills by friends in the entire game.
 D = Other kills in this place as a percentage of other kills in the entire game.
 E = Experience gained in this place as a percentage of experience gained in the entire game.
 F = Experience gained in this place divided by the number of levels of this place that you have seen.
                   A       B       C       D       E      F
               +-------+-------+-------+-------+-------+----------------------
         Total | 100.0 | 100.0 |  -nan |  -nan | 100.0 |   1.0
       Dungeon | 100.0 | 100.0 |  -nan |  -nan | 100.0 |   1.0
               +-------+-------+-------+-------+-------+----------------------

Vault maps used:
D:1:      dpeg_entry_three_same_balls

Action                   || total
-------------------------++-------
Melee: Short sword       ||    10
  Use: Scroll            ||     1
Dungeon Crawl Stone Soup version 0.13.1-2-gfb2c2b7 (webtiles) character file. 70 Antunes the Skirmisher (level 1, -2/14 HPs) Began as a Human Wanderer on Dec 5, 2013. Slain by a hobgoblin ... wielding a +0,+0 club (4 damage) ... on Level 1 of the Dungeon. The game lasted 00:01:47 (115 turns). Antunes the Skirmisher (Human Wanderer) Turns: 115, Time: 00:01:47 HP -2/14 AC 2 Str 12 XL: 1 Next: 11% MP 1/1 EV 11 Int 11 God: Gold 70 SH 0 Dex 13 Spells: 0 memorised, 0 levels left Res.Fire : . . . See Invis. : . a - +1,+3 short sword Res.Cold : . . . Warding : . b - +0 robe Life Prot.: . . . Conserve : . (no shield) Res.Poison: . Res.Corr. : . (no helmet) Res.Elec. : . Clarity : . (no cloak) Sust.Abil.: . . Spirit.Shd : . (no gloves) Res.Mut. : . Stasis : . (no boots) Res.Rott. : . Flight : . (no amulet) Saprovore : . . . (no ring) (no ring) @: about to teleport, not resistant to hostile enchantments, unstealthy A: no striking features a: no special abilities You were on level 1 of the Dungeon. You were not hungry. You visited 1 branch of the dungeon, and saw 1 of its levels. You collected 20 gold pieces. Dungeon Overview and Level Annotations Branches: Dungeon (1/27) Altars: Skills: + Level 4.0 Fighting * Level 2.0 Short Blades + Level 1.0 Maces & Flails * Level 1.0 Throwing + Level 1.0 Armour Level 1.0 Evocations You couldn't memorise any spells. You didn't know any spells. Inventory: Hand weapons a - a +1,+3 short sword (weapon) h - a +0,+0 whip Missiles e - 31 bolts i - 17 stones (quivered) Armour b - a +0 robe (worn) Comestibles c - 2 bread rations Scrolls d - a scroll of random uselessness {unknown} Jewellery g - an uncursed ring of wizardry {unknown} Message History The hobgoblin moves out of view. A rat comes into view. You closely miss the hobgoblin. The hobgoblin hits you but does no damage. You barely miss the hobgoblin. The hobgoblin hits you but does no damage. You barely miss the hobgoblin. The hobgoblin barely misses you. You hit the hobgoblin. The hobgoblin is lightly wounded. The hobgoblin hits you with a club. You hit the hobgoblin but do no damage. The hobgoblin is lightly wounded. The hobgoblin hits you with a club. * * * LOW HITPOINT WARNING * * * You barely miss the hobgoblin. The hobgoblin is lightly wounded. The hobgoblin hits you with a club. * * * LOW HITPOINT WARNING * * * The rat barely misses you. You hit the rat. You kill the rat! The hobgoblin closely misses you. A bat comes into view. You miss the bat. The bat hits you but does no damage. The bat misses you. The bat hits you but does no damage. The bat hits you but does no damage. The bat closely misses you. The bat hits you but does no damage. You miss the bat. The bat hits you but does no damage. The hobgoblin barely misses you. The bat hits you but does no damage. You miss the bat. The bat hits you. * * * LOW HITPOINT WARNING * * * The bat misses you. The hobgoblin barely misses you. The bat hits you but does no damage. You aren't carrying any potions. Read which item? (? for menu, Esc to quit) As you read the scroll of teleportation, it crumbles to dust. You feel strangely unstable. The bat hits you but does no damage. The bat barely misses you. The hobgoblin hits you with a club. You die... ... . #.# ..##. #.# ..##. #.# . ..##. #.######.### ..##.##.##.....#.# ..##...........#.. ...............#.# .####......###.#b# ...............#@# ######.........#g# #.........#.# #####.....#.# #.....#.# #.....#.# #### #.....#.# ... #####g#.##.# #######.#....###### You could see a hobgoblin and a bat.

Vanquished Creatures
  A rat (D:1)
1 creature vanquished. Notes Turn | Place | Note -------------------------------------------------------------- 0 | D:1 | Antunes, the Human Wanderer, began the quest for the Orb. 0 | D:1 | Reached XP level 1. HP: 14/14 MP: 1/1 115 | D:1 | Slain by a hobgoblin
